 Dungeon Crawl Stone Soup version 0.21.1-1-g345015fe64 (webtiles) character file.

88 Lisa the Chiller (level 4, 0/37 HPs)
             Began as a Naga Ice Elementalist on July 8, 2018.
             Was a Follower of Dithmenos.
             Slain by a hobgoblin
             ... wielding a +0 club
              (2 damage)
             ... on level 3 of the Dungeon.
             The game lasted 00:23:09 (1966 turns).

Lisa the Chiller (Naga Ice Elementalist)            Turns: 1966, Time: 00:23:09

Health: 0/37       AC:  2    Str: 10    XL:     4   Next: 53%
Magic:  4/8        EV: 10    Int: 17    God:    Dithmenos [*.....]
Gold:   92         SH:  0    Dex: 11    Spells: 3/9 levels left

rFire    . . .     SeeInvis +   o - +3 dagger
rCold    . . .     Gourm    .   (no shield)
rNeg     . . .     Faith    .   a - +0 robe
rPois    +         Spirit   .   (no helmet)
rElec    .         Reflect  .   (no cloak)
rCorr    .         Harm     .   (no gloves)
MR       .....                  (no barding)
Stlth    ++........             (no amulet)
HPRegen  0.12/turn              m - ring of flight
MPRegen  0.11/turn              (no ring)

@: wreathed by umbra, very slow
A: large, see invisible, deformed body, poison resistance, slowness 2, slow
metabolism 1, spit poison 1, AC +1
a: Spit Poison, Renounce Religion, Evoke Flight


You were on level 3 of the Dungeon.
You worshipped Dithmenos.
Dithmenos was aware of your devotion.
You were hungry.

You visited 1 branch of the dungeon, and saw 3 of its levels.

You collected 92 gold pieces.

Inventory:

Hand Weapons
 e - a +0 club
 k - a +0 hunting sling
 o - a +3 dagger (weapon)
Missiles
 f - 20 poisoned needles
 l - 57 stones (quivered)
Armour
 a - a +0 robe (worn)
Jewellery
 m - a ring of flight (left hand)
Scrolls
 d - 4 scrolls of teleportation {unknown}
 g - a scroll of fog {unknown}
 h - 4 scrolls of identify {unknown}
 i - a scroll of amnesia {unknown}
 j - a scroll of enchant weapon {unknown}
 n - a scroll of remove curse {unknown}
Potions
 q - a potion of agility {unknown}
Books
 b - a book of Frost

   Spells                             Type                      Level
   a - Freeze                         Ice                          1
   b - Throw Frost                    Conjuration/Ice              2
   c - Ozocubu's Armour               Charms/Ice                   3
   d - Throw Icicle                   Conjuration/Ice              4
   e - Summon Ice Beast               Ice/Summoning                4
Comestibles
 c - 3 rations


   Skills:
 + Level 0.9 Fighting
 + Level 0.2 Maces & Flails
 + Level 1.9 Dodging
 + Level 3.1 Stealth
 + Level 3.0 Spellcasting
 + Level 1.2 Conjurations
 + Level 3.8 Ice Magic


You had 3 spell levels left.
You knew the following spells:

 Your Spells              Type           Power        Failure   Level  Hunger
a - Freeze                Ice            ###.         3%          1    None
b - Throw Frost           Conj/Ice       ##....       9%          2    ##.....
c - Ozocubu's Armour      Chrm/Ice       #.......     24%         3    ###....


Dungeon Overview and Level Annotations

Branches:
Dungeon (3/15)

Altars:
Dithmenos
Ru


Innate Abilities, Weirdness & Mutations

You cannot wear boots.
Your serpentine skin is tough. (AC +1)
You have supernaturally acute eyesight. (SInv)
Armour fits poorly on your strangely shaped body.
Your system is resistant to poisons. (rPois)
You cover ground very slowly.
You have a slow metabolism.
You can spit poison.


Message History

You see here a whip.
Your magical contamination has completely faded away.
A hobgoblin comes into view. It is wielding a club.
The hobgoblin moves out of view.
The hobgoblin shouts!
The hobgoblin hits you with a club. The hobgoblin hits you with a club.
The hobgoblin barely misses you. The hobgoblin hits you with a club.
* * * LOW HITPOINT WARNING * * *
The hobgoblin hits you with a club.
* * * LOW HITPOINT WARNING * * *
The hobgoblin barely misses you. The hobgoblin hits you with a club.
* * * LOW HITPOINT WARNING * * *
The hobgoblin hits you with a club.
* * * LOW HITPOINT WARNING * * *
The hobgoblin barely misses you. The hobgoblin hits you with a club.
You die...

#(....... .#
#.####### ..#
#.# #.## #.#
.##.. #)#
......#)#
.##...#)#
.......)####.##
.......@.......
#####.##g######
#. .# .. .. ##
.## .# .. ..


You could see a hobgoblin.

Vanquished Creatures
  3 adders (D:2)
  An ooze (D:3)
  2 worms (D:2)
  A dart slug (D:2)
  A leopard gecko (D:1)
  5 orcs (D:3)
  A giant cockroach (D:2)
  4 goblins
  2 hobgoblins (D:2)
  10 jackals
  A quokka (D:2)
  3 bats
  2 frilled lizards
  2 kobolds
  3 rats (D:1)
41 creatures vanquished.

Notes
Turn   | Place    | Note
-------+----------+-------------------------------------------
     0 | D:1      | Lisa the Naga Ice Elementalist began the quest for the Orb.
     0 | D:1      | Reached XP level 1. HP: 15/15 MP: 3/3
   438 | D:1      | Reached XP level 2. HP: 21/22 MP: 3/5
   445 | D:1      | Learned a level 2 spell: Throw Frost
   844 | D:2      | Found a shadowy altar of Dithmenos.
   919 | D:2      | Became a worshipper of Dithmenos the Shadowed
   931 | D:2      | Reached XP level 3. HP: 19/30 MP: 0/6
  1134 | D:2      | Found a sacrificial altar of Ru.
  1203 | D:2      | Learned a level 3 spell: Ozocubu's Armour
  1617 | D:2      | Reached XP level 4. HP: 33/37 MP: 4/8
  1932 | D:3      | Reached * piety under Dithmenos
  1966 | D:3      | Slain by a hobgoblin

Skill      XL: |  1  2  3 |
---------------+----------+-----
Spellcasting   | 3 |  3.0
Fighting       | |  0.9
Maces & Flails | |  0.2
Dodging        | |  1.9
Stealth        | |  3.1
Conjurations   | |  1.2
Ice Magic      | |  3.8

Action                   |  1- 3 |  4- 6 || total
-------------------------+-------+-------++-------
Melee: Club              |    38 |       ||    38
       Dagger            |     1 |    10 ||    11
 Cast: Freeze            |    48 |    10 ||    58
       Throw Frost       |    12 |       ||    12
       Ozocubu's Armour  |     2 |     1 ||     3
  Use: Potion            |     2 |       ||     2
 Stab: Sleeping          |     3 |     1 ||     4
  Eat: Chunk             |     3 |       ||     3
Armor: Robe              |    17 |     3 ||    20
Dodge: Dodged            |    52 |    15 ||    67
